 Dungeon Crawl Stone Soup version 0.27-a0-1188-g73eefd5def (webtiles) character file.

Game seed: 8162226723790828934

580467 freelancePsychic the Conqueror (level 27, -2/226 HPs)
             Began as an Ogre Warper on May 20, 2021.
             Was the Champion of Hepliaklqana.
             Killed from afar by an electric golem (8 damage)
             ... with a bolt of lightning
             ... on level 1 of the Realm of Zot.
             The game lasted 03:28:02 (80423 turns).

freelancePsychic the Conqueror (Ogre Warper)       Turns: 80423, Time: 03:28:02

Health: -2/226     AC: 29    Str: 35    XL:     27
Magic:  34/46      EV: 11    Int: 21    God:    Hepliaklqana [******]
Gold:   6160       SH:  0    Dex:  8    Spells: 49/65 levels left

rFire    + + .     SeeInvis .   b - +8 giant spiked club (flame)
rCold    + . .     Faith    .   (shield currently unavailable)
rNeg     . . .     Spirit   .   Q - +8 shadow dragon scales
rPois    .         Reflect  .   o - +2 hat
rElec    +         Harm     .   v - +2 cloak
rCorr    .         Rampage  +   (gloves unavailable)
Will     ++...                  (boots unavailable)
Stlth    ++........             J - amulet "Anlor" {Rampage rF+ Regen+}
HPRegen  1.47/turn              p - ring "Boosalual" {rC+ Str+2}
MPRegen  0.30/turn              y - ring "Giarimn" {rElec rF+ Str+6 Int+2}

@: no status effects
A: reduced essence, large, unfitting armour, tough skin 1, frail 2
}: 3/15 runes: barnacled, abyssal, gossamer
a: Renounce Religion, Recall Ancestor, Ancestor Identity, Transference, Idealise


You were on level 1 of the Realm of Zot.
You worshipped Hepliaklqana.
Hepliaklqana was exalted by your worship.
You visited 9 branches of the dungeon, and saw 44 of its levels.
You visited the Abyss 1 time.
You visited 1 bazaar.
You also visited: Trove, Bailey, Ice Cave and Volcano.

You collected 6558 gold pieces.
You spent 398 gold pieces at shops.

Inventory:

Hand Weapons
 a - a +2 vampiric demon whip
 b - a +8 giant spiked club of flaming (weapon)
 f - a +2 short sword of venom
 m - a +5 vorpal great mace
Missiles
 e - 5 boomerangs of dispersal (quivered)
 q - 9 curare-tipped darts
Armour
 o - a +2 hat (worn)
 v - a +2 cloak (worn)
 Q - +8 shadow dragon scales (worn)
Jewellery
 p - the ring "Boosalual" (left hand) {rC+ Str+2}
   (You took it off a deep elf pyromancer on level 3 of the Elven Halls)

   [ring of protection from cold]

   It affects your strength (+2).
   It protects you from cold.
 w - a ring of willpower
 x - an amulet of reflection
 y - the ring "Giarimn" (right hand) {rElec rF+ Str+6 Int+2}
   (You found it on level 3 of the Depths)

   [ring of strength]

   It affects your strength (+6).
   It affects your intelligence (+2).
   It protects you from fire.
   It insulates you from electricity.
 J - the amulet "Anlor" (around neck) {Rampage rF+ Regen+}
   (You acquired it on level 10 of the Dungeon)

   [amulet of regeneration]

   It protects you from fire.
   It increases your rate of health regeneration.
   It bestows one free step when moving towards enemies.
 M - the ring "Qidweapeo" {Wiz rPois Will+ Str+2 Slay+3}
   (You acquired it on level 5 of the Depths)

   [ring of wizardry]

   It improves your spell success rate.
   It affects your strength (+2).
   It affects your accuracy and damage with ranged weapons and melee attacks
   (+3).
   It protects you from poison.
   It increases your willpower.
 N - an amulet of magic regeneration
 Y - a ring of see invisible
Wands
 d - a wand of paralysis (24)
 g - a wand of mindburst (72)
 E - a wand of digging (1)
 F - a wand of flame (76)
 K - a wand of iceblast (16)
 T - a wand of acid (18)
Scrolls
 c - 20 scrolls of identify {@r1}
 k - 7 scrolls of silence
 u - 5 scrolls of fog
 z - 16 scrolls of teleportation {@r4}
 A - 8 scrolls of magic mapping
 L - 4 scrolls of brand weapon
 O - 4 scrolls of fear
 R - 9 scrolls of amnesia
 V - a scroll of summoning
Potions
 h - 4 potions of flight
 i - 5 potions of lignification
 j - 18 potions of curing {@q1}
 l - 16 potions of heal wounds {@q2}
 n - 12 potions of haste {@q3}
 r - 7 potions of might
 t - 9 potions of ambrosia
 B - 6 potions of brilliance
 G - 10 potions of mutation
 H - 4 potions of resistance
 I - 3 potions of berserk rage
 P - 2 potions of magic
 S - 3 potions of cancellation
 W - 4 potions of invisibility
Miscellaneous
 X - a phantom mirror


   Skills:
 O Level 27 Fighting
 - Level 1.2 Short Blades
 - Level 22.0 Maces & Flails
 - Level 1.0 Throwing
 - Level 11.0 Armour
 + Level 15.2 Dodging
 + Level 19.8 Spellcasting
 - Level 15.7 Translocations
 - Level 6.1 Invocations


You had 49 spell levels left.
You knew the following spells:

 Your Spells              Type           Power      Damage    Failure   Level
a - Blink                 Tloc           N/A        N/A       1%          2
b - Teleport Other        Tloc           72%        N/A       1%          3
c - Manifold Assault      Tloc           72%        N/A       1%          5
d - Passage of Golubria   Tloc           N/A        N/A       1%          4
e - Sublimation of Blood  Necr           10%        N/A       11%         2

Your spell library contained the following spells:

 Spells                   Type           Power      Damage    Failure   Level
 Apportation              Tloc           100%       N/A       0%          1
 Gell's Gravitas          Tloc           36%        N/A       1%          3
 Lesser Beckoning         Tloc           36%        N/A       1%          3
 Portal Projectile        Hex/Tloc       100%       N/A       1%          3
 Dispersal                Tloc           36%        N/A       1%          6
 Animate Skeleton         Necr           40%        N/A       8%          1
 Corona                   Hex            22%        N/A       8%          1
 Magic Dart               Conj           80%        1d7       8%          1
 Pain                     Necr           80%        1d8       8%          1
 Sandblast                Erth           40%        2d10      8%          1
 Shock                    Conj/Air       80%        1d8       8%          1
 Sting                    Tmut/Pois      80%        1d7       8%          1
 Summon Small Mammal      Summ           80%        N/A       8%          1
 Summon Forest            Summ/Tloc      26%        N/A       8%          5
 Call Imp                 Summ           20%        N/A       11%         2
 Corpse Rot               Necr/Air       N/A        N/A       11%         2
 Ensorcelled Hibernation  Hex/Ice        40%        N/A       11%         2
 Passwall                 Tmut/Erth      16%        N/A       11%         2
 Poisonous Vapours        Pois/Air       40%        N/A       11%         2
 Slow                     Hex            20%        N/A       11%         2
 Static Discharge         Conj/Air       20%        N/A       11%         2
 Call Canine Familiar     Summ           20%        N/A       22%         3
 Confusing Touch          Hex            20%        N/A       22%         3
 Conjure Flame            Conj/Fire      20%        6-21      22%         3
 Dazzling Flash           Conj/Hex       40%        N/A       22%         3
 Ignite Poison            Fire/Tmut/Pois 20%        N/A       22%         3
 Mephitic Cloud           Conj/Pois/Air  20%        N/A       22%         3
 Stone Arrow              Conj/Erth      40%        3d9       22%         3
 Summon Guardian Golem    Hex/Summ       20%        N/A       22%         3
 Swiftness                Air            20%        N/A       22%         3
 Tukima's Dance           Hex            20%        N/A       22%         3
 Vampiric Draining        Necr           10%        2d7       22%         3
 Airstrike                Air            10%        N/A       58%         4
 Animate Armour           Summ/Erth      40%        N/A       58%         4
 Animate Dead             Necr           10%        N/A       58%         4
 Olgreb's Toxic Radiance  Pois           20%        N/A       58%         4
 Petrify                  Tmut/Erth      20%        N/A       58%         4
 Summon Ice Beast         Ice/Summ       20%        N/A       58%         4
 Summon Lightning Spire   Summ/Air       20%        N/A       58%         4
 Disjunction              Tloc           36%        N/A       58%         8
 Agony                    Necr           20%        N/A       90%         5
 Alistair's Intoxication  Tmut/Pois      13%        N/A       90%         5
 Borgnjor's Vile Clutch   Necr/Erth      10%        N/A       90%         5
 Hydra Form               Tmut           10%        N/A       90%         5
 Irradiate                Conj/Tmut      10%        3d17      90%         5
 Lee's Rapid Deconstruct  Erth           10%        3d9*      90%         5
 Lightning Bolt           Conj/Air       10%        1d23      90%         5
 Silence                  Hex/Air        10%        N/A       90%         5
 Eringya's Noxious Bog    Tmut/Pois      10%        N/A       100%        6
 Freezing Cloud           Conj/Ice/Air   10%        6-21      100%        6
 Shadow Creatures         Summ           N/A        N/A       100%        6
 Summon Hydra             Summ           10%        N/A       100%        7
 Ignition                 Fire           10%        3d5       100%        8
 Shatter                  Erth           10%        3d11*     100%        9
 Tornado                  Air            10%        N/A       100%        9


Dungeon Overview and Level Annotations

Branches:
Dungeon (15/15)            Temple (0/1) D:5            Lair (6/6) D:10
 Shoals (4/4) Lair:4       Spider (4/4) Lair:3        Slime (0/5) Lair:6
    Orc (2/2) D:11            Elf (3/3) Orc:2        Vaults (4/5) D:14
  Crypt (0/3) Vaults:3     Depths (5/5) D:15            Zot (1/5) Depths:5
 Bailey (visited)           IceCv (visited)         Volcano (visited)

Altars:
Ashenzari
Cheibriados
Elyvilon
Fedhas
Gozag
Hepliaklqana
Kikubaaqudgha
Nemelex Xobeh
Okawaru
Ru
Sif Muna
Trog
Uskayaw
Wu Jian
Zin
The Shining One
Jiyva

Shops:
D:2 :   D:3 [   D:4 :**   Orc:2 [[(   Vaults:3 :=[   Depths:1 *:

Portals:
Hell: Depths:1 Depths:2 Depths:3 Depths:4 Depths:5
Abyss: Depths:2 Depths:4*
Pandemonium: Depths:3 Depths:5
Ziggurat: Depths:4

Annotations:
Lair:2 exclusion: oklob plant
Lair:4 exclusion: oklob plant
Spider:2 Roxanne
Elf:1 3 runed translucent doors, freelancePsychic's ghost, adept DgAE
Elf:2 2 runed translucent doors
Depths:1 3 runed translucent doors, Ninuetur's ghost, adept HuFi
Depths:4 2 transporters, Qiadic's ghost, adept HaHu


Innate Abilities, Weirdness & Mutations

Your life essence is reduced to manifest your ancestor. (-10% HP)
You are too large for most types of armour.
You have tough skin. (AC +1)
You are very frail. (-20% HP)


Message History

You burn the green draconian shifter!!
You kill the green draconian shifter!
The storm dragon bites you but does no damage.
The storm dragon barely misses you. The storm dragon tramples you.
* * * LOW HITPOINT WARNING * * *
You hold your ground!
The storm dragon bites you but does no damage.
The storm dragon claws you but does no damage.
The storm dragon tramples you!
* * * LOW HITPOINT WARNING * * *
You hold your ground!
The purple draconian hits you with a +0 trident!
* * * LOW HITPOINT WARNING * * *
Okay, then.
The green draconian hits you with a +0 trident!
* * * LOW HITPOINT WARNING * * *
The green draconian tail-slaps you but does no damage.
The purple draconian closely misses you.
The green draconian hits you from afar with a +0 trident!
* * * LOW HITPOINT WARNING * * *
You feel much better.
The purple draconian breathes dispelling energy at you.
The bolt of dispelling energy hits you!!!
Your magical effects are unravelling.
* * * LOW HITPOINT WARNING * * *
The storm dragon barely misses you.
The storm dragon claws you but does no damage.
The storm dragon tramples you but does no damage.
You feel yourself slow down.
The electric golem hurls lightning at you.
The bolt of lightning hits the storm dragon.
The storm dragon completely resists.
The bolt of lightning misses the storm dragon.
The bolt of lightning misses you.
The electric golem hurls lightning at you.
The bolt of lightning hits the storm dragon.
The storm dragon completely resists.
The bolt of lightning misses the storm dragon.
The bolt of lightning hits you! You resist.
You die...

###.............
##.................## #......
.......##...##
..#....##.#......#...##
.....................#
#....#..........§.... ##.
#...d.............
##..###..###.@.DD.8.....)....
##..............d..............
##.........##...#####....#......
##........###.....#.###..........
#.....................#.....#....
.#........^...⌠....^..#.....##...
##.....#.#.#.......#.........#...
##.........[.............#.......
##.........#.......###..8#.......


You could see an electric golem, 2 storm dragons, a green draconian and a purple
draconian (catching breath).

Vanquished Creatures
  A dread lich (Depths:3)
  An orb of fire (Zot:1)
  Sojobo (Vaults:3)
  2 caustic shrikes (Depths:4)
  2 golden dragons
  7 tentacled monstrosities
  2 liches
  2 Ice Fiends (IceCv)
  3 quicksilver dragons
  A kraken (Shoals:4)
  2 deep elf master archers (Elf:3)
  2 titans (Depths:3)
  5 sphinxes
  Agnes (D:15)
  3 death cobs (Zot:1)
  Donald (Spider:1)
  2 storm dragons (Zot:1)
  3 tentacled starspawn (Abyss:3)
  9 tengu reavers
  9 fire giants
  4 deep elf sorcerers (Elf:3)
  An orc warlord (Vaults:2)
  4 frost giants
  An iron dragon (Depths:4)
  6 vault wardens
  A draconian shifter (Zot:1)
  A juggernaut zombie (Depths:3)
  A draconian stormcaller (Depths:5)
  7 emperor scorpions
  A spriggan defender (Depths:4)
  A deep elf elementalist (Elf:3)
  2 war gargoyles
  A draconian annihilator (Abyss:1)
  18 ironbound preservers
  31 very ugly things
  11 stone giants
  5 deep elf demonologists (Elf:3)
  3 vampire knights
  2 deep elf annihilators (Elf:3)
  Nessos (Lair:4)
  2 entropy weavers
  Azrael (Elf:1)
  2 purple draconians
  4 dire elephants
  12 spark wasps
  2 yellow draconians (Depths:5)
  2 white draconians (Depths:5)
  A blizzard demon (Abyss:3)
  10 ettins
  5 merfolk javelineers (Shoals:4)
  An eidolon (Abyss:3)
  6 great orbs of eyes
  2 deep elf high priests
  3 merfolk impalers
  5 deep elf death magi (Elf:3)
  3 crystal guardians
  6 hydras
  9 yaktaur captains
  13 ice dragons
  6 fire dragons
  4 ironbound thunderhulks
  4 rakshasas
  A boulder beetle (Lair:4)
  3 merfolk avatars
  A peacekeeper (Vaults:4)
  3 ogre magi
  7 vault guards
  A spriggan air mage (Depths:5)
  5 ironbound frosthearts
  A satyr (Shoals:4)
  2 merfolk aquamancers
  10 dancing weapons
  5 centaur warriors
  2 catoblepae
  A death knight (D:15)
  13 two-headed ogres
  3 deep troll shamans
  8 deep troll earth magi
  4 tengu warriors
  An orc high priest (Orc:1)
  A shock serpent (shapeshifter) (Vaults:1)
  4 ironbound beastmasters
  10 death yaks
  A thrashing horror (Abyss:3)
  A soul eater (Abyss:3)
  7 deep elf knights
  9 hell knights
  3 sun demons
  3 spriggan berserkers (Depths:5)
  2 wretched stars (Abyss:3)
  An iron troll (Depths:1)
  Nergalle (Lair:4)
  57 deep trolls
  5 flayed ghosts
  5 glowing orange brains
  9 sea snakes
  12 wizards
  10 starcursed masses (Abyss:3)
  8 ironbound convokers
  11 harpies
  4 lindwurms
  A phantasmal warrior (Vaults:2)
  4 deep elf archers
  A mana viper (shapeshifter) (Depths:3)
  12 orc knights
  21 deep elf zephyrmancers
  17 orb spiders
  23 wolf spiders
  A tengu skeleton (Depths:3)
  20 deep elf pyromancers
  2 orc sorcerers
  46 ugly things
  A fire giant zombie (Depths:3)
  3 necromancers
  A salamander (Volcano)
  18 fauns
  12 manticores
  3 worldbinders (Abyss:3)
  2 manticores (shapeshifter) (Depths:4)
  A salamander (shapeshifter) (Elf:3)
  6 cyclopes
  An apocalypse crab (Abyss:3)
  15 elephants
  3 centaur zombies
  7 moths of wrath
  2 rust devils
  A water nymph (shapeshifter) (Depths:3)
  4 merfolk sirens
  7 water nymphs
  A guardian serpent (Abyss:3)
  10 vault sentinels
  A black mamba (Lair:6)
  2 smoke demons
  2 ice statues (IceCv)
  A centaur skeleton (D:15)
  3 orange demons
  An unseen horror (Abyss:3)
  5 rime drakes
  A gargoyle (D:12)
  A hellion (Abyss:3)
  A naga mage (D:15)
  7 cane toads
  3 torpor snails
  6 demonic crawlers
  10 ice devils (IceCv)
  8 komodo dragons
  A tormentor (Depths:5)
  A freezing wraith (D:15)
  3 tengu conjurers
  22 yaktaurs
  A red devil (Depths:5)
  33 merfolk
  5 trolls
  An ancient zyme (Abyss:3)
  2 polar bears
  A tengu simulacrum (Depths:3)
  5 wind drakes
  34 jumping spiders
  11 blink frogs
  3 hornets (Lair:6)
  12 raiju (Abyss:3)
  23 slime creatures
  5 dream sheep (Lair:5)
  4 snapping turtles
  9 water elementals
  5 ynoxinuls
  A fire dragon skeleton (Abyss:3)
  4 flying skulls (Abyss:3)
  A shadow (D:11)
  3 vampires
  53 redbacks
  20 tarantellas
  3 air elementals
  30 yaks
  2 basilisks
  2 fire elementals (Elf:1)
  10 wyverns
  2 fire bats (Abyss:3)
  3 wraiths
  10 vampire mosquitoes
  4 large abominations (Abyss:3)
  A chaos spawn (Abyss:3)
  3 wargs
  An acid dragon (D:12)
  6 water moccasins
  3 hell hounds (Elf:1)
  30 orc warriors
  5 small abominations (Abyss:3)
  4 boggarts (Vaults:2)
  7 ogres
  14 centaurs
  2 wolves (Lair:3)
  4 bullfrogs
  A cane toad simulacrum (Abyss:3)
  3 earth elementals
  A dream sheep simulacrum (Lair:3)
  4 electric eels
  2 wights
  3 howler monkeys
  A rime drake simulacrum (Lair:3)
  A komodo dragon simulacrum (Lair:3)
  2 hounds (D:6)
  2 jellies
  8 orc priests
  2 iguanas
  4 orc wizards
  5 lightning spires (Abyss:3)
  A yak simulacrum (Lair:3)
  A hound skeleton (D:5)
  A howler monkey skeleton (D:5)
  2 howler monkey zombies
  A gnoll (D:1)
  2 adders
  2 shadow imps (Abyss:3)
  6 white imps
  8 ufetubi
  An adder skeleton (D:4)
  2 worms (D:2)
  A dart slug (D:1)
  36 orcs
  5 ball pythons
  2 bats (D:1)
  11 endoplasms
  6 goblins
  3 hobgoblins
  11 jackals
  12 kobolds
  3 quokkas (D:1)
  4 frilled lizards
  7 rats
  A rat zombie (D:14)
  3 starspawn tentacles (Abyss:3)
  5 tentacles (Shoals:4)
1382 creatures vanquished.

Vanquished Creatures (collateral kills)
  An ancient lich (Abyss:3)
  A golden dragon (Depths:3)
  A bone dragon (Abyss:3)
  An electric golem (Zot:1)
  5 tentacled monstrosities
  Rupert (Lair:3)
  A lich (Depths:3)
  2 deep elf blademasters (Elf:2)
  2 sphinxes
  Frances (D:14)
  2 shadow dragons
  A tengu reaver (Depths:2)
  2 storm dragons
  Ilsuiw (Shoals:4)
  3 fire giants
  3 ghost moths (Spider:4)
  An iron dragon (Depths:4)
  A cacodemon (Abyss:3)
  A ghost moth (shapeshifter) (D:14)
  2 orc warlords (Vaults:3)
  2 vault wardens
  2 frost giants (Depths:3)
  A draconian scorcher (Depths:5)
  3 emperor scorpions
  The ghost of tehphobia the Thaumaturge, a journeyman GnVM of Ashenzari (Lair:3)
  3 ironbound preservers
  13 very ugly things
  A green draconian (Zot:1)
  4 stone giants
  A deep elf demonologist (Elf:3)
  2 deep elf annihilators (Elf:3)
  4 dire elephants
  A yellow draconian (Depths:5)
  4 spark wasps
  2 deep elf death magi (Elf:3)
  2 merfolk javelineers (Shoals:4)
  5 merfolk impalers
  A deep elf high priest (Elf:3)
  A rakshasa (Depths:1)
  8 fire dragons
  A peacekeeper (Vaults:1)
  A great orb of eyes (Depths:3)
  2 death knights (Vaults:3)
  2 spriggan air magi
  A hydra (Lair:2)
  2 boulder beetles (Lair:4)
  An ice dragon (Depths:3)
  A satyr (Shoals:2)
  A catoblepas (D:13)
  An ironbound frostheart (Vaults:2)
  5 dancing weapons
  The ghost of lunkers the Fighter, a novice DsVM of Ashenzari (D:10)
  2 merfolk avatars
  A two-headed ogre (D:15)
  3 death yaks
  2 thrashing horrors (Abyss:3)
  A deep troll earth mage (Depths:1)
  3 tengu warriors
  4 hell knights
  3 spriggan berserkers
  2 ironbound beastmasters
  A vampire mage (Depths:1)
  An iron troll (Depths:5)
  A wretched star (Abyss:3)
  A salamander mystic (Volcano)
  7 deep elf knights
  5 sea snakes
  9 deep trolls
  3 lindwurms
  6 deep elf archers
  2 glowing orange brains
  A wizard (Vaults:1)
  2 necromancers (Depths:3)
  7 harpies
  4 orc knights
  3 ironbound convokers
  13 ugly things
  4 deep elf zephyrmancers
  7 orb spiders
  5 deep elf pyromancers
  3 manticores
  9 wolf spiders
  A cyclops (Shoals:4)
  5 fauns
  6 slime creatures
  2 salamanders (Volcano)
  A moth of wrath (Spider:4)
  A merfolk siren (Shoals:4)
  A dire elephant zombie (Abyss:3)
  A black mamba (Lair:1)
  Joseph (D:7)
  A torpor snail (Spider:2)
  2 water nymphs
  An apocalypse crab (Abyss:3)
  2 vault sentinels
  7 elephants
  A smoke demon (Abyss:3)
  A naga mage (D:15)
  2 cane toads
  2 rime drakes (Lair:3)
  A centaur skeleton (D:15)
  2 freezing wraiths (D:15)
  A demonic crawler (Spider:2)
  4 ice devils
  2 komodo dragons (Lair:4)
  A yaktaur (Vaults:2)
  15 jumping spiders
  13 merfolk
  3 trolls
  2 hornets
  5 raiju (Abyss:3)
  3 wind drakes
  2 snapping turtles
  A dream sheep (Lair:5)
  8 blink frogs
  An air elemental (Elf:1)
  A ynoxinul (Depths:5)
  2 basilisks
  19 redbacks
  A vampire (D:13)
  9 tarantellas
  5 wyverns
  24 yaks
  A vampire mosquito (D:13)
  A fire bat (Abyss:3)
  A steam dragon (D:9)
  2 wargs
  7 water moccasins
  4 large abominations (Abyss:3)
  A hell hound (Elf:1)
  12 orc warriors
  An ice beast (D:5)
  Duvessa (D:7)
  A necrophage (D:5)
  A wolf (Lair:3)
  2 ogres
  A phantom (D:5)
  9 centaurs
  A kobold brigand (D:8)
  A bullfrog (Lair:2)
  A gnoll sergeant (D:8)
  A scorpion (shapeshifter) (Depths:4)
  An earth elemental (Elf:1)
  A scorpion (D:4)
  A water moccasin zombie (D:5)
  Dowan (D:7)
  An elephant simulacrum (Lair:3)
  10 wights
  A rime drake simulacrum (Lair:3)
  An electric eel (Lair:6)
  2 howler monkeys
  2 centaur zombies
  A quasit (Abyss:1)
  A bullfrog skeleton (D:5)
  6 orc priests
  3 hounds
  2 iguanas
  An iron imp (Abyss:3)
  11 orc wizards
  A lightning spire (Abyss:3)
  A killer bee zombie (D:8)
  4 adders
  4 white imps
  2 ufetubi
  3 dart slugs
  33 orcs
  A ball python (D:4)
  2 bat zombies (D:14)
  A giant cockroach (D:1)
  A hobgoblin (D:3)
  2 jackals (D:4)
  A quokka (D:3)
  A kobold (D:4)
  A rat (D:3)
  A rat zombie (D:14)
  2 tentacles (Shoals:4)
547 creatures vanquished.

Vanquished Creatures (others)
  A dire elephant (Depths:1)
  Snorg (Orc:2)
  A great orb of eyes (Depths:3)
  2 merfolk aquamancers
  A sea snake (Shoals:4)
  A tengu conjurer (Depths:2)
  A water elemental (Elf:1)
  A redback (Spider:4)
  An orc warrior (Orc:2)
  A centaur (Orc:2)
  41 battlemagi
  4 ufetubi (IceCv)
  2 bushes (D:10)
  66 fungi
  2 lurking horrors (Abyss:3)
  318 plants
  4 starspawn tentacles (Abyss:3)
  6 tentacles (Shoals:4)
  5 toadstools (D:1)
459 creatures vanquished.

Grand Total: 2388 creatures vanquished

Notes
Turn   | Place    | Note
-------+----------+-------------------------------------------
     0 | D:1      | freelancePsychic the Ogre Warper began the quest for the
                  | Orb.
     0 | D:1      | Reached XP level 1. HP: 22/22 MP: 3/3
   151 | D:1      | Reached XP level 2. HP: 28/29 MP: 5/5
   189 | D:1      | Reached skill level 3 in Fighting
   738 | D:1      | Reached XP level 3. HP: 37/37 MP: 7/7
  1000 | D:1      | Found a faded altar of an unknown god.
  1003 | D:1      | Became a worshipper of Hepliaklqana the Forgotten
  1003 | D:1      | Reached * piety under Hepliaklqana
  1535 | D:1      | Reached XP level 4. HP: 38/41 MP: 8/8
  1725 | D:2      | Reached skill level 4 in Fighting
  1973 | D:2      | Found Gaty's Book Emporium.
  2350 | D:2      | Reached ** piety under Hepliaklqana
  2351 | D:2      | Remembered your ancestor On'ion as a battlemage
  2477 | D:3      | Reached XP level 5. HP: 44/49 MP: 10/10
  2718 | D:3      | Learned a level 2 spell: Blink
  2724 | D:3      | Learned a level 5 spell: Manifold Assault
  2729 | D:3      | Learned a level 3 spell: Teleport Other
  2884 | D:3      | Reached XP level 6. HP: 52/58 MP: 12/12
  2934 | D:3      | Found Giugih's Antique Armour Boutique.
  3036 | D:3      | Reached skill level 1 in Short Blades
  3039 | D:3      | Reached skill level 5 in Fighting
  3434 | D:4      | Found Koania's Book Shoppe.
  3592 | D:4      | Reached XP level 7. HP: 47/66 MP: 14/14
  3838 | D:4      | Reached skill level 6 in Fighting
  3838 | D:4      | Reached skill level 5 in Spellcasting
  4001 | D:4      | Found Moisasie's Assorted Antiques.
  4006 | D:4      | Bought 3 scrolls labelled NUSHIANYHE for 69 gold pieces
  4006 | D:4      | Bought a scroll labelled IMPESU PEPTUA for 23 gold pieces
  4055 | D:4      | Found Zeumam's Assorted Antiques.
  4102 | D:4      | Found a snail-covered altar of Cheibriados.
  4206 | D:4      | Found a bloodstained altar of Trog.
  4290 | D:4      | Reached *** piety under Hepliaklqana
  4313 | D:5      | Entered Level 5 of the Dungeon
  4715 | D:5      | Reached skill level 5 in Translocations
  4987 | D:5      | Reached XP level 8. HP: 69/75 MP: 16/16
  5449 | D:5      | Found a staircase to the Ecumenical Temple.
  5491 | D:5      | Reached skill level 7 in Fighting
  6406 | D:6      | Found a sacrificial altar of Ru.
  6407 | D:6      | Found a white marble altar of Elyvilon.
  6498 | D:6      | Found a glowing silver altar of Zin.
  6500 | D:6      | Found an ornate altar of the Wu Jian Council.
  6500 | D:6      | Found a blossoming altar of Fedhas.
  6504 | D:6      | Found a hide-covered altar of Uskayaw.
  6505 | D:6      | Found a hazy altar of Hepliaklqana.
  6507 | D:6      | Found a broken altar of Ashenzari.
  6508 | D:6      | Found a shimmering blue altar of Sif Muna.
  7059 | D:7      | Reached **** piety under Hepliaklqana
  7154 | D:7      | Noticed Dowan
  7289 | D:7      | Reached skill level 8 in Fighting
  7542 | D:7      | Noticed Joseph
  7554 | D:7      | Killed Joseph
  7555 | D:7      | Reached XP level 9. HP: 35/87 MP: 17/17
  7948 | D:7      | Noticed Duvessa
  7956 | D:7      | Killed Duvessa
  7957 | D:7      | Reached skill level 5 in Maces & Flails
  7957 | D:7      | Reached skill level 1 in Invocations
  7974 | D:7      | Killed Dowan
  8345 | D:7      | Reached skill level 9 in Fighting
  8349 | D:7      | Identified the +3 trident of Mithriaha {freeze, Dex+9}
  9457 | D:8      | Reached skill level 10 in Fighting
  9957 | D:8      | Reached XP level 10. HP: 85/99 MP: 18/18
 10029 | D:8      | Reached skill level 5 in Invocations
 10526 | D:9      | Reached skill level 11 in Fighting
 10829 | D:9      | Reached ***** piety under Hepliaklqana
 11177 | D:10     | Entered Level 10 of the Dungeon
 11919 | D:10     | Found a runed translucent door.
 11930 | D:10     | Noticed lunkers's ghost (novice DsVM)
 11969 | D:10     | Reached skill level 12 in Fighting
 11972 | D:10     | Reached XP level 11. HP: 102/110 MP: 19/19
 12269 | D:10     | Found an iron altar of Okawaru.
 12948 | D:10     | Found a staircase to the Lair.
 13138 | D:10     | Identified a scroll of acquirement
 13138 | D:10     | Acquired the amulet "Anlor" {Rampage rF+ Regen+}
 13513 | Lair:1   | Entered Level 1 of the Lair of Beasts
 14025 | Lair:1   | Reached skill level 10 in Maces & Flails
 14299 | Lair:1   | Reached skill level 13 in Fighting
 14822 | Lair:2   | Noticed a catoblepas
 14831 | Lair:2   | Killed a catoblepas
 14903 | Lair:2   | Noticed an eight-headed hydra
 15172 | Lair:2   | Killed an eight-headed hydra
 15192 | Lair:2   | Reached XP level 12. HP: 75/122 MP: 5/20
 15244 | Lair:2   | Found an ancient bone altar of Kikubaaqudgha.
 15254 | Lair:2   | Found a dark tunnel.
 15263 | Volcano  | Entered a volcano
 15442 | Volcano  | Noticed a hell knight
 15447 | Volcano  | Killed a hell knight
 16418 | Lair:3   | Noticed an eight-headed hydra
 16486 | Lair:3   | Killed an eight-headed hydra
 16659 | Lair:3   | Noticed tehphobia's ghost (journeyman GnVM)
 16803 | Lair:3   | Found a runed translucent gate.
 16803 | Lair:3   | Found a runed translucent gate.
 16803 | Lair:3   | Found a runed translucent gate.
 17184 | Lair:3   | Noticed a death yak
 17188 | Lair:3   | Killed a death yak
 17308 | Lair:3   | Noticed a death yak
 17309 | Lair:3   | Noticed a death yak
 17312 | Lair:3   | Killed a death yak
 17312 | Lair:3   | Noticed a death yak
 17313 | Lair:3   | Noticed a death yak
 17314 | Lair:3   | Killed a death yak
 17566 | Lair:3   | Noticed Rupert
 17573 | Lair:3   | Killed Rupert
 17574 | Lair:3   | Reached XP level 13. HP: 96/130 MP: 3/24
 17963 | Lair:3   | Identified the +8 chain mail "Ronyihu" {Int+4 Dex+2}
 18021 | Lair:3   | Found a hole to the Spider Nest.
 18385 | D:10     | Killed lunkers's ghost
 18510 | Lair:4   | Noticed Nessos
 18741 | Lair:4   | Found a transporter.
 18746 | Lair:4   | Found a transporter.
 18771 | Lair:4   | Noticed Nergalle
 18781 | Lair:4   | Killed Nergalle
 18835 | Lair:4   | Killed Nessos
 19612 | Lair:4   | Found a staircase to the Shoals.
 20733 | Lair:5   | Reached skill level 10 in Translocations
 20733 | Lair:5   | Reached XP level 14. HP: 138/138 MP: 3/27
 21348 | Lair:5   | You fall into a shaft and drop 1 floor!
 21348 | Lair:6   | Entered Level 6 of the Lair of Beasts
 21495 | Lair:6   | Reached skill level 10 in Spellcasting
 21759 | Lair:5   | Acquired +1 shadow dragon scales
 22175 | Lair:5   | Reached skill level 14 in Fighting
 22833 | Lair:6   | Found a runed translucent door.
 22834 | Lair:6   | Found a viscous altar of Jiyva.
 22841 | Lair:6   | Found a staircase to the Slime Pits.
 22854 | Lair:6   | Paralysed by a hornet for 1 turns
 23014 | Lair:6   | Reached skill level 15 in Maces & Flails
 24139 | Lair:6   | Reached skill level 15 in Fighting
 24997 | D:11     | Found a staircase to the Orcish Mines.
 25156 | D:11     | Reached XP level 15. HP: 150/150 MP: 29/29
 25231 | D:11     | Found a broken altar of Ashenzari.
 25784 | D:12     | Found a flagged portal.
 25787 | D:12     | Reached skill level 1 in Armour
 25794 | Bailey   | Entered a bailey
 28058 | Orc:1    | Entered Level 1 of the Orcish Mines
 28317 | Orc:2    | Entered Level 2 of the Orcish Mines
 28317 | Orc:2    | Found a staircase to the Elven Halls.
 28618 | Orc:2    | Noticed Snorg
 28705 | Orc:1    | Acquired 840 gold pieces
 29912 | D:13     | Reached skill level 5 in Dodging
 30146 | D:13     | Reached skill level 16 in Fighting
 31210 | D:14     | Noticed Frances
 31217 | D:14     | Killed Frances
 31369 | D:14     | Found a gate to the Vaults.
 31384 | D:14     | Killed a ghost moth
 31549 | D:14     | Reached skill level 10 in Dodging
 31992 | D:14     | Reached XP level 16. HP: 136/161 MP: 14/30
 32179 | D:14     | Found an ancient bone altar of Kikubaaqudgha.
 32368 | D:15     | Entered Level 15 of the Dungeon
 32703 | D:15     | Found a portal to a secret trove of treasure.
 32779 | D:15     | Noticed Agnes
 33099 | D:15     | Found a staircase to the Depths.
 33816 | D:15     | Killed Agnes
 34198 | D:15     | Learned a level 4 spell: Passage of Golubria
 34698 | Shoals:1 | Entered Level 1 of the Shoals
 34698 | Shoals:1 | Found the +3 salamander hide armour {Flames rF++ rC--}
 36251 | Shoals:2 | Reached skill level 5 in Armour
 37071 | Shoals:2 | Reached ****** piety under Hepliaklqana
 37672 | Shoals:3 | Reached XP level 17. HP: 156/168 MP: 11/31
 38166 | Shoals:3 | Identified the +5 battleaxe "Addainie" {protect, rElec
                  | rPois}
 39546 | Shoals:4 | Entered Level 4 of the Shoals
 39549 | Shoals:4 | Noticed Ilsuiw
 40331 | Shoals:4 | Killed Ilsuiw
 41737 | Shoals:4 | Noticed a kraken
 41799 | Shoals:4 | Identified the +4 ring mail of Lifelessness {rElec rCorr
                  | Dex-5 SInv}
 41956 | Shoals:4 | Killed a kraken
 43958 | Shoals:4 | Got a barnacled rune of Zot
 44164 | Shoals:4 | Reached XP level 18. HP: 178/178 MP: 23/34
 44841 | Lair:3   | Killed tehphobia's ghost
 44842 | Lair:3   | Reached skill level 17 in Fighting
 45147 | Lair:4   | Identified the +1 robe of Relativism {rElec rPois}
 45273 | Spider:1 | Entered Level 1 of the Spider Nest
 46499 | Spider:1 | Identified the +6 flail "Jeemuff" {vorpal, *Corrode Will+
                  | Str+3}
 46592 | Spider:1 | Noticed Donald
 46605 | Spider:1 | Killed Donald
 47864 | Spider:2 | Identified Roxanne's Catalogue of Transmutation
 47864 | Spider:2 | Noticed Roxanne
 48743 | Spider:3 | Found a frozen archway.
 48754 | IceCv    | Entered an ice cave
 49058 | IceCv    | Noticed an Ice Fiend
 49063 | IceCv    | Killed an Ice Fiend
 49076 | IceCv    | Noticed an Ice Fiend
 49082 | IceCv    | Killed an Ice Fiend
 50283 | Spider:3 | Reached XP level 19. HP: 55/188 MP: 12/36
 50484 | Spider:4 | Entered Level 4 of the Spider Nest
 52094 | Spider:4 | Reached skill level 10 in Armour
 52228 | Spider:4 | Identified the +0 robe of Ariynn {Drain Dex+2 SInv}
 53742 | Spider:4 | Got a gossamer rune of Zot
 54383 | Orc:2    | Killed Snorg
 55073 | Orc:2    | Found Iraun's Antique Weapon Emporium.
 55073 | Orc:2    | Found Annoarim's Antique Armour Boutique.
 55075 | Orc:2    | Found Foz Tutyngo's Armour Shop.
 55077 | Orc:2    | Found Kacecana's Armour Shoppe.
 55721 | Elf:1    | Entered Level 1 of the Elven Halls
 56643 | Elf:1    | Found a runed translucent gate.
 56645 | Elf:1    | Found a runed translucent gate.
 56645 | Elf:1    | Found a runed translucent gate.
 56646 | Elf:1    | Noticed freelancePsychic's ghost (adept DgAE)
 57018 | Elf:1    | Noticed Azrael
 57024 | Elf:1    | Killed Azrael
 57282 | Elf:2    | Reached XP level 20. HP: 196/196 MP: 37/37
 57692 | Elf:2    | Found a runed translucent door.
 57832 | Elf:2    | Found a runed translucent door.
 57952 | Elf:3    | Entered Level 3 of the Elven Halls
 58165 | Elf:3    | Found a flickering gateway to a bazaar.
 58176 | Bazaar   | Entered a bazaar
 58189 | Bazaar   | Found Rurph's Antique Weapon Shoppe.
 58198 | Bazaar   | Found Kaxehocs's Magic Scroll Shoppe.
 58203 | Bazaar   | Found Apsiph's Jewellery Shop.
 58213 | Bazaar   | Found Ashag's Book Boutique.
 58223 | Bazaar   | Found Obyfu's Antique Armour Shop.
 58254 | Bazaar   | Bought a scroll of enchant armour for 82 gold pieces
 58254 | Bazaar   | Bought a scroll of summoning for 104 gold pieces
 58254 | Bazaar   | Bought a scroll of silence for 82 gold pieces
 58254 | Bazaar   | Bought a scroll of magic mapping for 38 gold pieces
 58964 | Elf:3    | Identified the ring "Boosalual" {rC+ Str+2}
 60755 | Elf:3    | Identified the +5 hunting sling "Kolem" {vorpal, Will+}
 60776 | Elf:3    | Identified the +0 pearl dragon scales of Saponn {rN+ rCorr
                  | Dex+4}
 61157 | Vaults:1 | Entered Level 1 of the Vaults
 62028 | Vaults:1 | Reached XP level 21. HP: 203/203 MP: 38/38
 62184 | Vaults:1 | Identified the +3 rapier of Cenalur {drain, rPois Str+4}
 65513 | Vaults:3 | Found Salereho's Armour Shop.
 65627 | Vaults:3 | Reached skill level 18 in Fighting
 65664 | Vaults:3 | Reached XP level 22. HP: 194/215 MP: 5/40
 66049 | Vaults:3 | Noticed Sojobo
 66071 | Vaults:3 | Killed Sojobo
 66353 | Vaults:3 | Reached skill level 15 in Spellcasting
 66513 | Vaults:3 | Reached skill level 19 in Fighting
 66656 | Vaults:3 | Found Ixovox's Jewellery Shop.
 66924 | Vaults:3 | Found Onimas's Book Emporium.
 66937 | Vaults:3 | Learned a level 2 spell: Sublimation of Blood
 67089 | Vaults:3 | Found a staircase to the Crypt.
 68193 | Vaults:4 | Reached skill level 20 in Fighting
 69093 | Vaults:4 | Reached XP level 23. HP: 231/231 MP: 19/43
 69788 | Depths:1 | Entered Level 1 of the Depths
 69800 | Depths:1 | Found Bolump's Book Shop.
 69808 | Depths:1 | Paralysed by a vampire knight for 3 turns
 69822 | Depths:1 | Found an opulent altar of Gozag.
 70025 | Depths:1 | Reached skill level 21 in Fighting
 70205 | Depths:1 | Found a gateway to Hell.
 70238 | Depths:1 | Found Qackuice's General Store.
 70829 | Depths:1 | Found an iron altar of Okawaru.
 70843 | Depths:1 | Found a runed translucent gate.
 70844 | Depths:1 | Found a runed translucent gate.
 70844 | Depths:1 | Found a runed translucent gate.
 70877 | Depths:1 | Reached skill level 22 in Fighting
 70884 | Depths:1 | Found a runed translucent gate.
 70884 | Depths:1 | Found a runed translucent gate.
 70889 | Depths:1 | Found a runed translucent gate.
 70895 | Depths:1 | Noticed Ninuetur's ghost (adept HuFi)
 71226 | Depths:2 | Found a sacrificial altar of Ru.
 71366 | Depths:2 | Found a bloodstained altar of Trog.
 71502 | Depths:2 | Found a one-way gate to the infinite horrors of the Abyss.
 72881 | Depths:3 | Reached skill level 23 in Fighting
 72925 | Depths:3 | Reached XP level 24. HP: 150/250 MP: 29/44
 73418 | Depths:3 | Found a one-way gate leading to the halls of Pandemonium.
 73440 | Depths:3 | Found a glowing golden altar of the Shining One.
 73440 | Depths:3 | Found an iron altar of Okawaru.
 73840 | Depths:3 | Found a shimmering blue altar of Sif Muna.
 74103 | Depths:3 | Identified the ring "Giarimn" {rElec rF+ Str+6 Int+2}
 74165 | Depths:3 | Reached skill level 24 in Fighting
 74278 | Depths:3 | Noticed a dread lich
 74287 | Depths:3 | Killed a dread lich
 74850 | Depths:3 | Identified Wizardry in Simple Steps
 75065 | Depths:4 | Noticed a caustic shrike
 75067 | Depths:4 | Noticed a caustic shrike
 75069 | Depths:4 | Killed a caustic shrike
 75070 | Depths:4 | Reached skill level 15 in Translocations
 75078 | Depths:4 | Killed a caustic shrike
 75344 | Depths:4 | Reached XP level 25. HP: 257/263 MP: 37/44
 75356 | Depths:4 | Found a sparkling altar of Nemelex Xobeh.
 75361 | Depths:4 | Reached skill level 25 in Fighting
 75584 | Depths:4 | Noticed Qiadic's ghost (adept HaHu)
 75992 | Depths:4 | Found a gateway to a ziggurat.
 76013 | Depths:4 | Found a transporter.
 76016 | Depths:4 | Identified the +3 battleaxe "Engesar" {protect, Str+2}
 76041 | Depths:4 | Found a transporter.
 76557 | Depths:5 | Entered Level 5 of the Depths
 76725 | Depths:5 | Reached skill level 26 in Fighting
 76962 | Depths:5 | Found a gate to the Realm of Zot.
 77182 | Depths:5 | Acquired the ring "Qidweapeo" {Wiz rPois Will+ Str+2
                  | Slay+3}
 78144 | Depths:5 | Reached skill level 27 in Fighting
 78491 | Depths:4 | Voluntarily entered the Abyss.
 79260 | Abyss:3  | Reached XP level 26. HP: 118/278 MP: 9/45
 79281 | Abyss:3  | Got an abyssal rune of Zot
 79565 | Abyss:3  | Noticed an ancient lich
 79566 | Abyss:3  | Killed an ancient lich
 79597 | Depths:4 | Escaped the Abyss
 79745 | D:15     | You showed the abyssal rune of Zot to enter a treasure
                  | trove
 79746 | Trove    | Entered a treasure trove
 79818 | Trove    | Reached XP level 27. HP: 290/290 MP: 45/46
 80118 | Zot:1    | Entered Level 1 of the Realm of Zot
 80162 | Zot:1    | Reached skill level 15 in Dodging
 80391 | Zot:1    | Noticed an orb of fire
 80393 | Zot:1    | Gained mutation: You are frail. (-10% HP) [an orb of fire]
 80400 | Zot:1    | Gained mutation: You are very frail. (-20% HP) [an orb of
                  | fire]
 80406 | Zot:1    | Killed an orb of fire
 80421 | Zot:1    | HP: 4/226 [purple draconian/bolt of dispelling energy (36)]
 80423 | Zot:1    | Killed from afar by an electric golem

Illustrated notes

Levels and vault maps discovered:
D:1:      ldierk_walled_garden, layout_basic,
          hellmonk_ecumenical_altar_inner_sanctum
D:2:      layout_loops_ring, serial_shops, shop
D:3:      layout_basic, serial_shops, nicolae_shop_crystal, skrybe_limestone_x
D:4:      layout_cave_pools, lemuel_crystal_altar, lemuel_tele_altar,
          serial_shops, nicolae_shop_temple_entry_statues_fountains,
          kennysheep_little_box, nicolae_shop_temple_entry_statues_fountains,
          mrwooster_statue_mirror, grunt_decor_one_mirror
D:5:      layout_loops_ring, minmay_temple_entry_from_below_a, serial_bayou,
          serial_bayou_lagoon_b, serial_bayou_crossing, serial_bayou_pond_d,
          serial_bayou_pond_b, serial_bayou_pond_b, kennysheep_generic_room_15
D:6:      layout_loops_ring, minitemple
D:7:      layout_layer_cave, uniq_duvessa, uniq_joseph
D:8:      layout_basic, wad_rectangle_vault
D:9:      layout_long_grid, grunt_ministairs_1
D:10:     layout_rooms, marbit_many_paths, minmay_lair_entry_grove,
          ebering_ghost_reflecting_pool, serial_co_window_serial,
          co_window_corner_a, co_window_paths_a, co_window_cross_1,
          co_window_of_opportunity_a, co_window_corner_a, co_window_paths_c,
          co_window_paths_c, co_window_broadway_b, co_window_paths_e,
          co_window_4corner_a, glass_columns_a, glass_columns_a,
          glass_columns_c, glass_columns_c
D:11:     kennysheep_spiral_hall, layout_gridville, david_orc_3,
          cheibrodos_ashenzari_chains
D:12:     layout_loops_ring, enter_bailey_2
D:13:     layout_rooms, grunt_decor_clamped, hellmonk_bongcloud_opening,
          st_stairs_1, hex_medium, minmay_fountain_box
D:14:     layout_roguey, david_vaults_2, minmay_misc_feat_square,
          lemuel_zombie_altar_kikubaaqudgha, uniq_frances
D:15:     grunt_enter_depths_magical_seal, layout_stronghold, serial_glass,
          glass_columns_c, glass_columns_a, nicolae_trove_entry_isolated,
          uniq_agnes
Lair:1:   layout_misc_corridors, lemuel_fruit_fields
Lair:2:   layout_regular_city, enter_volcano_1, lemuel_oklob_altar
Lair:3:   layout_regular_city, spider_nest_entry_webs, gammafunk_ghost_icy,
          grunt_forest_small_clearing_treed, uniq_rupert
Lair:4:   gammafunk_boulding_lane, layout_misc_corridors,
          minmay_shoals_entry_beasts, beast_lair_carwin_10, lemuel_fruit_tree,
          serial_bayou_shore_b, minmay_lair_oklob_chamber, serial_bayou_shore_b,
          uniq_nergalle, uniq_nessos
Lair:5:   layout_regular_city, minivault_27
Lair:6:   gammafunk_lair_ancient_temple, layout_gridlike, slime_altar_2,
          minmay_hedge_maze, nicolae_quartered_pool_super
Shoals:1: layout_shoals
Shoals:2: layout_shoals
Shoals:3: layout_shoals, nicolae_shoals_isolated_beach
Shoals:4: shoals_end_grunt_garden, layout_shoals, shoals_ilsuiw_alternative
Spider:1: layout_spider_delve, uniq_donald
Spider:2: layout_spider_delve, nicolae_spider_cling_halls, uniq_roxanne
Spider:3: nicolae_spider_hilbert_zone_1 [nicolae_spider_hilbert_4_sides_1_open,
          nicolae_spider_hilbert_4_sides_1_open,
          nicolae_spider_hilbert_4_sides_1_open,
          nicolae_spider_hilbert_4_sides_1_open,
          nicolae_spider_hilbert_3_sides_1_open,
          nicolae_spider_hilbert_3_sides_1_open,
          nicolae_spider_hilbert_3_sides_1_open,
          nicolae_spider_hilbert_3_sides_1_open,
          nicolae_spider_hilbert_3_sides_1_open,
          nicolae_spider_hilbert_6_sides_1_open,
          nicolae_spider_hilbert_6_sides_1_open,
          nicolae_spider_hilbert_3_sides_1_open,
          nicolae_spider_hilbert_3_sides_1_open,
          nicolae_spider_hilbert_3_sides_1_open,
          nicolae_spider_hilbert_3_sides_1_open,
          nicolae_spider_hilbert_2_sides_1_open],
          portal_ice_cave_entry_pillars_four, nicolae_spider_scorpion_nest
Spider:4: grunt_spider_rune_circles, nicolae_spider_checkerboard
Orc:1:    layout_caves, nicolae_orc_lava_room
Orc:2:    st_orc_rangers, layout_caves, uniq_snorg
Elf:1:    eino_elf_arrival_the_gate, layout_gridlike,
          gammafunk_ghost_tricky_traps, minmay_elf_crystal_hexagon,
          evilmike_ambush [evilmike_ambush_outer_pillars,
          evilmike_ambush_inner_pond], uniq_azrael
Elf:2:    layout_rooms, minivault_25
Elf:3:    elf_hall, layout_geoelf_grid, serial_shops, bzr_entry_customers
Vaults:1: v_rooms_6, grunt_vaults_funnel, ontoclasm_vaults_hangar,
          ontoclasm_vaults_claustrophobia, hangedman_vaults_slice, v_misc_1,
          st_check, ontoclasm_vaults_twist, layout_vaults_omnicross
Vaults:2: kb_rosetta, grunt_vaults_twisty, vaults_mumra_hex,
          ontoclasm_vaults_shuriken, vaults_room_hallway, v_alt_pattern_4,
          v_misc_3, hangedman_vaults_capsules, ontoclasm_vaults_misaligned,
          vaults_dpeg_encased_lava, layout_vaults_ring
Vaults:3: blue_anna_dwarven_crypt, nicolae_vaults_alarming,
          vaults_room_large_hall, hangedman_vaults_corner, v_misc_23,
          vaults_mumra_lcd, v_rooms_4, ontoclasm_vaults_loading_screen,
          nicolae_vaults_network_star, v_rooms_5, v_rooms_2, v_alt_pattern_4,
          nicolae_vaults_little_squares_4, layout_vaults_omnibox, serial_shops,
          shop_fountains, nicolae_shop_behind_doors, nicolae_shop_statue_plus,
          uniq_sojobo
Vaults:4: ontoclasm_vaults_ring_square, v_pattern_3, vaults_mumra_minichess,
          hangedman_vaults_stagger, grunt_vaults_diagonal, v_misc_1,
          nicolae_vaults_windows_and_doors_thing,
          nicolae_vaults_little_squares_4, nicolae_vaults_circle_grid_a,
          layout_vaults_chaotic_city
Depths:1: kennysheep_ogre_elephant_herders, layout_basic, serial_shops,
          nicolae_shop_crystal, shop, grunt_gozag_breadcrumbs,
          hangedman_geh_valley, ploomutoo_gammafunk_ghost_potion_laboratory,
          kennysheep_okawaru_gauntlet
Depths:2: cheibrodos_birdhouse, layout_basic, hell_entry, abyss_entry,
          trog_three_pillars_becter, drop_trap, nicolae_ru_sacrificial_ziggurat,
          infiniplex_staircase_zigzag_5
Depths:3: hangedman_slaughterboxes, pan_entry, hell_entry
Depths:4: hangedman_cross_cluster, layout_cave_shapes, enter_ziggurat_a,
          abyss_entry, hangedman_coc_ice_floe, gammafunk_ghost_abyssal_escape,
          nrook_campfire, infiniplex_staircase_zigzag_1
Depths:5: grunt_zot_entry_tricorne, layout_honeycomb, grunt_pan_entry_zigzag,
          hell_entry, grunt_megastairs_1
Zot:1:    layout_onion_interference, st_stairs_7

Skill      XL: |  1  2  3  4  5  6  7  8  9 10 11 12 13 14 15 16 17 18 19 20 21 22 23 24 25 26 27 |
---------------+----------------------------------------------------------------------------------+-----
Maces & Flails | 2 3 4 6 8 10 12 13 15 16 17 18 20 22 | 22.0
Fighting       | 3 4 5 6 8 10 12 13 15 16 17 18 20 23 24 27 | 27.0
Translocations | 3 4 5 6 7 8 10 11 12 13 15 | 15.7
Spellcasting   | 3 4 5 7 9 10 12 13 14 16 17 18 19 | 19.8
Short Blades   | 1 |  1.2
Invocations    | 4 6 |  6.1
Armour         | 1 5 6 8 11 | 11.0
Dodging        | 11 13 14 15 | 15.2
Throwing       | |  1.0

Action                   |  1- 3 |  4- 6 |  7- 9 | 10-12 | 13-15 | 16-18 | 19-21 | 22-24 | 25-27 || total
-------------------------+-------+-------+-------+-------+-------+-------+-------+-------+-------++-------
Melee: Mace              |    43 |       |       |       |       |       |       |       |       ||    43
       Short sword       |    72 |    68 |       |       |       |       |       |       |       ||   140
       Whip              |       |    38 |   199 |   251 |       |       |       |       |       ||   488
       Giant spiked club |       |       |       |   135 |   743 |  1170 |  1179 |  1028 |   597 ||  4852
       Demon whip        |       |       |       |       |       |    57 |       |       |       ||    57
Throw: Boomerang         |       |       |    10 |       |       |     5 |       |       |       ||    15
 Cast: Blink             |       |     1 |       |     8 |     1 |     1 |       |       |     1 ||    12
       Manifold Assault  |       |       |       |    51 |   294 |   492 |   373 |   248 |   110 ||  1568
       Teleport Other    |       |       |       |    11 |     3 |     1 |       |       |       ||    15
Invok: Ancestor Identity |       |     2 |       |       |       |       |       |       |       ||     2
       Ancestor Life: Ba |       |     1 |       |       |       |       |       |       |       ||     1
       Recall Ancestor   |       |       |       |     2 |     7 |     6 |     5 |     6 |     5 ||    31
       Idealise          |       |       |       |     4 |     3 |     1 |       |       |       ||     8
       Transference      |       |       |       |     2 |     1 |       |       |     1 |       ||     4
Evoke: Wand              |       |       |       |       |     9 |       |     1 |       |       ||    10
  Use: Scroll            |       |     3 |    11 |    12 |    15 |    13 |    11 |       |     2 ||    67
       Potion            |       |       |       |     2 |     2 |    10 |     6 |     1 |    10 ||    31
 Stab: Sleeping          |       |     1 |       |       |       |     2 |     7 |     3 |       ||    13
       Distracted        |       |       |     2 |     4 |       |     6 |     9 |     7 |     3 ||    31
       Paralysed         |       |       |       |       |     1 |       |       |       |       ||     1
       Petrified         |       |       |       |       |     1 |       |       |       |       ||     1
Armor: Robe              |    33 |    19 |    47 |       |       |    68 |    42 |       |       ||   209
       Steam dragon scal |       |       |       |    93 |   113 |    40 |       |       |       ||   246
       Shadow dragon sca |       |       |       |       |    18 |    83 |   224 |   285 |   240 ||   850
       Skin              |       |       |       |       |       |     1 |       |       |       ||     1
Dodge: Dodged            |    66 |    39 |    91 |   106 |   151 |   408 |   205 |   121 |   140 ||  1327

Table legend: (Time is in decaauts)
 A = Elapsed time spent in this place.
 B = Non-inter-level travel time spent in this place.
 C = Inter-level travel time spent in this place.
 D = Time resting spent in this place.
 E = Time spent auto-exploring this place.
 F = Levels seen in this place.
 G = Mean time per level.
                   A        B        C        D        E       F      G
               +--------+--------+--------+--------+--------+-----+--------+
         Total |  80379 |  76302 |   4077 |  18816 |  46624 |  52 | 1545.8 |
       Dungeon |  21493 |  20417 |   1076 |   3049 |  15036 |  15 | 1432.9 |
          Lair |  11726 |  10804 |    922 |   3288 |   5969 |   6 | 1954.3 |
        Shoals |  10399 |   9992 |    407 |   3848 |   4928 |   4 | 2599.8 |
   Spider Nest |   7857 |   7273 |    584 |   1828 |   4312 |   4 | 1964.2 |
  Orcish Mines |   3046 |   2936 |    110 |   1492 |   1049 |   2 | 1523.0 |
   Elven Halls |   4912 |   4839 |     73 |   1541 |   2220 |   3 | 1637.3 |
        Vaults |   8428 |   8085 |    343 |    859 |   6356 |   4 | 2107.0 |
        Depths |   8896 |   8338 |    558 |   1470 |   5778 |   5 | 1779.2 |
           Zot |    132 |    132 |      0 |      0 |     53 |   1 |  132.0 |
         Abyss |   1043 |   1043 |      0 |    139 |    569 |   3 |  347.7 |
        Bazaar |     88 |     88 |      0 |      0 |     54 |   1 |   88.0 |
         Trove |     94 |     94 |      0 |      0 |     33 |   1 |   94.0 |
        Bailey |   1066 |   1066 |      0 |    670 |    137 |   1 | 1066.0 |
      Ice Cave |    770 |    770 |      0 |    411 |     77 |   1 |  770.0 |
       Volcano |    421 |    421 |      0 |    218 |     51 |   1 |  421.0 |
               +--------+--------+--------+--------+--------+-----+--------+

Top non-repeatable levels by time:
Shoals:3: 4246 daAuts
Shoals:4: 2822 daAuts
Spider:4: 2766 daAuts
  Lair:3: 2575 daAuts
    D:10: 2552 daAuts
Spider:1: 2440 daAuts
Vaults:3: 2417 daAuts
Depths:3: 2335 daAuts
  Lair:5: 2272 daAuts
    D:15: 2247 daAuts
  Lair:6: 2224 daAuts
Vaults:4: 2218 daAuts
Depths:5: 2035 daAuts
Vaults:1: 1959 daAuts
  Lair:4: 1911 daAuts
